YL
MASCOT PILOTS @ BELMORE BLUEBIRDS
07/23/2022
 
TOP OF THE 1ST
Mascot Pilots batting - Pitching for Belmore Bluebirds : RHP Steve Stuart
Pitching: RHP Steve Stuart
Batting: LHB David Pardoe 0-0: Called Strike
0-1: Called Strike
0-2: Ball
1-2: Ball
2-2: Ball
3-2: SINGLE (Groundball, 4D, EV 103.1 MPH)
Batting: LHB Nigel Walsh 0-0: Ball
Wild Pitch!
David Pardoe to second
1-0: Called Strike
1-1: Ball
2-1: Foul Ball, location: 2F
2-2: Strikes out swinging
Batting: RHB Ben Bremner 0-0: Foul Ball, location: 2F
0-1: Foul Ball, location: 2F
0-2: Ball
1-2: Ball
2-2: Ball
3-2: Base on Balls
Batting: LHB Nick Walshe 0-0: Called Strike
0-1: Ball
1-1: Ball
2-1: Foul Ball, location: 23FF
2-2: Ball
3-2: Foul Ball, location: 3FF
3-2: Fielders Choice at 2nd, 3-6 (Groundball, 34, EV 91.3 MPH)
David Pardoe to third
Batting: SHB Ron Were 0-0: Called Strike
0-1: Ball
Wild Pitch!
David Pardoe scores
Nick Walshe to second
1-1: Called Strike
1-2: SINGLE (Groundball, 4MD, EV 99.4 MPH)
Nick Walshe to third
Runner from 3rd tries for Home, throw by CF and OUT! 8-2
Top of the 1st over - 1 run, 2 hits, 0 errors, 1 left on base; Mascot 1 - Belmore 0
BOTTOM OF THE 1ST
Belmore Bluebirds batting - Pitching for Mascot Pilots : RHP Ben Bulgin
Pitching: RHP Ben Bulgin
Batting: RHB Clint Moore 0-0: Ball
1-0: Ball
2-0: Foul Ball, location: 5F
2-1: Called Strike
2-2: SINGLE (Line Drive, 8LS, EV 108.1 MPH)
Batting: LHB Jamie Ash 0-0: Ball
1-0: Ball
2-0: Fly out, F3 (Line Drive, 3, EV 75.0 MPH)
Batting: RHB Michael Fittler 0-0: Ball
1-0: Called Strike
1-1: Swinging Strike
1-2: Strikes out swinging
Batting: LHB Jim Cowan 0-0: Ball
1-0: Called Strike
1-1: Ball
2-1: Ball
3-1: Called Strike
3-2: Fly out, F8 (Flyball, 8RXD, EV 90.0 MPH)
Bottom of the 1st over - 0 runs, 1 hit, 0 errors, 1 left on base; Mascot 1 - Belmore 0
TOP OF THE 2ND
Mascot Pilots batting - Pitching for Belmore Bluebirds : RHP Steve Stuart
Batting: RHB Steve Moore 0-0: SINGLE (Line Drive, 8RS, EV 108.8 MPH)
Batting: RHB Reggie Porter 0-0: Ball
1-0: Sac Bunt to 13 - play at first, batter OUT! 1-3
Steve Moore to second
Batting: RHB Norm Rushbrook 0-0: Ball
1-0: Fly out, F8 (Flyball, 78S, EV 88.1 MPH)
Batting: RHB Steve Wookey 0-0: Ball
1-0: SINGLE (Groundball, 34D, EV 95.6 MPH)
Steve Moore to third
Runner from 3rd tries for Home, throw by RF and OUT! 9-2
Top of the 2nd over - 0 runs, 2 hits, 0 errors, 1 left on base; Mascot 1 - Belmore 0
BOTTOM OF THE 2ND
Belmore Bluebirds batting - Pitching for Mascot Pilots : RHP Ben Bulgin
Batting: RHB Shea Venables 0-0: Ball
1-0: Swinging Strike
1-1: Foul Ball, location: 3F
1-2: Fly out, F7 (Line Drive, 7S, EV 96.9 MPH)
Batting: LHB David Rochow 0-0: Called Strike
0-1: Ball
1-1: Swinging Strike
1-2: Ground out U3 (Groundball, 34, EV 84.4 MPH)
Batting: RHB Aiden Annlar 0-0: SINGLE (Line Drive, 6D, EV 66.3 MPH)
Batting: RHB David Sadler 0-0: Ball
1-0: Called Strike
1-1: Ground out 4-3 (Groundball, 34, EV 83.8 MPH)
Bottom of the 2nd over - 0 runs, 1 hit, 0 errors, 1 left on base; Mascot 1 - Belmore 0
TOP OF THE 3RD
Mascot Pilots batting - Pitching for Belmore Bluebirds : RHP Steve Stuart
Batting: LHB David Pardoe 0-0: Ball
1-0: Ground out 4-3 (Groundball, 4, EV 89.4 MPH)
Batting: LHB Nigel Walsh 0-0: Ball
1-0: Called Strike
1-1: Swinging Strike
1-2: Ground out 2-3 (Groundball, 2L, EV 61.3 MPH)
Batting: RHB Ben Bremner 0-0: Ball
1-0: SOLO HOME RUN (Line Drive, 9LD, EV 100.0 MPH), Distance : 369 ft
Batting: LHB Nick Walshe 0-0: Ball
1-0: Ball
2-0: Called Strike
2-1: Ground out 3-1 (Groundball, 34, EV 82.5 MPH)
Top of the 3rd over - 1 run, 1 hit, 0 errors, 0 left on base; Mascot 2 - Belmore 0
BOTTOM OF THE 3RD
Belmore Bluebirds batting - Pitching for Mascot Pilots : RHP Ben Bulgin
Batting: RHB Mitch Aris 0-0: Ball
1-0: Ground out 4-3 (Groundball, 34, EV 83.8 MPH)
Batting: RHB Clint Moore 0-0: Called Strike
0-1: Ball
1-1: Called Strike
1-2: Strikes out swinging
Batting: LHB Jamie Ash 0-0: Swinging Strike
0-1: Foul Ball, location: 2RF
0-2: Strikes out looking
Bottom of the 3rd over - 0 runs, 0 hits, 0 errors, 0 left on base; Mascot 2 - Belmore 0
TOP OF THE 4TH
Mascot Pilots batting - Pitching for Belmore Bluebirds : RHP Steve Stuart
Batting: SHB Ron Were 0-0: Ball
1-0: Ground out 1-3 (Groundball, 34S, EV 75.0 MPH)
Batting: RHB Steve Moore 0-0: Ball
1-0: Foul Ball, location: 7LMF
1-1: Ball
2-1: Foul Ball, location: 25F
2-2: Foul Ball, location: 7LMF
2-2: Foul Ball, location: 2F
2-2: Ball
3-2: Foul Ball, location: 2F
3-2: Base on Balls
Batting: RHB Reggie Porter 0-0: Called Strike
0-1: Ball
1-1: Fielders Choice at 2nd, 6-4 (Groundball, 6, EV 90.6 MPH)
Batting: RHB Norm Rushbrook 0-0: Ball
Wild Pitch!
Reggie Porter to second
1-0: Ball
2-0: Foul Ball, location: 9LMF
2-1: Swinging Strike
2-2: Ball
3-2: Base on Balls
Batting: RHB Steve Wookey 0-0: 3-RUN HOME RUN (Flyball, 9D, EV 105.0 MPH), Distance : 400 ft
Pitching: RHP Garrick Pearce
Batting: LHB David Pardoe 0-0: Ball
1-0: Ground out 3-1 (Groundball, 34, EV 86.3 MPH)
Top of the 4th over - 3 runs, 1 hit, 0 errors, 0 left on base; Mascot 5 - Belmore 0
BOTTOM OF THE 4TH
Belmore Bluebirds batting - Pitching for Mascot Pilots : RHP Ben Bulgin
Batting: RHB Michael Fittler 0-0: Foul Ball, location: 9LMF
0-1: Ball
1-1: Swinging Strike
1-2: Ball
2-2: Ball
3-2: Fly out, F4 (Popup, 34, EV 59.4 MPH)
Batting: LHB Jim Cowan 0-0: Called Strike
0-1: Swinging Strike
0-2: Ball
1-2: Foul Ball, location: 23F
1-2: Ball
2-2: Strikes out looking
Batting: RHB Shea Venables 0-0: Called Strike
0-1: Ball
1-1: Called Strike
1-2: Strikes out swinging
Bottom of the 4th over - 0 runs, 0 hits, 0 errors, 0 left on base; Mascot 5 - Belmore 0
TOP OF THE 5TH
Mascot Pilots batting - Pitching for Belmore Bluebirds : RHP Garrick Pearce
Batting: LHB Nigel Walsh 0-0: Called Strike
0-1: Foul Ball, location: 5SF
0-2: Ball
1-2: Foul Ball, location: 3FF
1-2: Foul Ball, location: 23F
1-2: DOUBLE (Flyball, 8LXD, EV 105.6 MPH)
Batting: RHB Ben Bremner 0-0: Ball
1-0: Called Strike
1-1: Ball
2-1: Foul Ball, location: 5FF
2-2: Ball
3-2: DOUBLE (Line Drive, 7LM, EV 106.9 MPH)
Nigel Walsh scores
Batting: LHB Nick Walshe 0-0: Ball
1-0: Called Strike
1-1: SINGLE (Line Drive, 9LM, EV 101.9 MPH)
Ben Bremner to third
Batting: SHB Ron Were 0-0: Called Strike
0-1: Swinging Strike
0-2: Ball
1-2: Foul Ball, location: 7LMF
1-2: Fly out, F5 (Popup, 5F, EV 78.1 MPH)
Batting: RHB Steve Moore 0-0: Swinging Strike
0-1: Foul Ball, location: 2F
0-2: Ball
1-2: Strikes out swinging
Batting: RHB Reggie Porter 0-0: Called Strike
0-1: Foul Ball, location: 2F
0-2: Ball
1-2: Strikes out swinging
Top of the 5th over - 1 run, 3 hits, 0 errors, 2 left on base; Mascot 6 - Belmore 0
BOTTOM OF THE 5TH
Belmore Bluebirds batting - Pitching for Mascot Pilots : RHP Ben Bulgin
Batting: LHB David Rochow 0-0: Ball
1-0: Ball
2-0: Ball
3-0: Base on Balls
Batting: RHB Aiden Annlar 0-0: Ball
1-0: Foul Ball, location: 5DF
1-1: Fly out, F9 (Flyball, 9S, EV 78.1 MPH)
Batting: RHB David Sadler 0-0: Foul Ball, location: 2F
0-1: Grounds into double play, 4-6-3 (Groundball, 4, EV 84.4 MPH)
Bottom of the 5th over - 0 runs, 0 hits, 0 errors, 0 left on base; Mascot 6 - Belmore 0
TOP OF THE 6TH
Mascot Pilots batting - Pitching for Belmore Bluebirds : RHP Garrick Pearce
Batting: RHB Norm Rushbrook 0-0: Foul Ball, location: 2RF
0-1: Fly out, F8 (Flyball, 8RM, EV 83.8 MPH)
Batting: RHB Steve Wookey 0-0: Fly out, F8 (Flyball, 8LD, EV 101.9 MPH)
Batting: LHB David Pardoe 0-0: Called Strike
0-1: Ball
1-1: Ball
2-1: Ground out 4-3 (Groundball, 34, EV 81.9 MPH)
Top of the 6th over - 0 runs, 0 hits, 0 errors, 0 left on base; Mascot 6 - Belmore 0
BOTTOM OF THE 6TH
Belmore Bluebirds batting - Pitching for Mascot Pilots : RHP Ben Bulgin
Batting: RHB Mitch Aris 0-0: Ball
1-0: Ground out 5-3 (Groundball, 5S, EV 93.8 MPH)
Batting: RHB Clint Moore 0-0: Ball
1-0: Called Strike
1-1: SINGLE (Line Drive, 8LS, EV 106.3 MPH)
Batting: LHB Jamie Ash 0-0: Ball
1-0: Called Strike
1-1: Called Strike
1-2: DOUBLE (Line Drive, 7LM, EV 86.3 MPH)
Clint Moore to third
Runner from 3rd tries for Home, SAFE, throw by LF to home
Batting: RHB Michael Fittler 0-0: Ball
1-0: Foul Ball, location: 5F
1-1: Called Strike
Balk!
Jamie Ash to third
1-2: Ground out 5-3 (Groundball, 56, EV 107.5 MPH)
Batting: LHB Jim Cowan 0-0: Ball
1-0: Foul Ball, location: 5SF
1-1: Ball
2-1: Ball
3-1: Foul Ball, location: 25FF
3-2: Fly out, F6 (Popup, P, EV 76.3 MPH)
Bottom of the 6th over - 1 run, 2 hits, 0 errors, 1 left on base; Mascot 6 - Belmore 1
TOP OF THE 7TH
Mascot Pilots batting - Pitching for Belmore Bluebirds : RHP Garrick Pearce
Batting: LHB Nigel Walsh 0-0: Called Strike
0-1: Ball
1-1: Ball
2-1: Fly out, F9 (Flyball, 9S, EV 95.0 MPH)
Batting: RHB Ben Bremner 0-0: Ball
1-0: Ball
2-0: Called Strike
2-1: Ball
3-1: Foul Ball, location: 2F
3-2: Ground out 5-3 (Groundball, 5S, EV 87.5 MPH)
Batting: LHB Nick Walshe 0-0: Called Strike
0-1: Swinging Strike
0-2: Strikes out swinging
Top of the 7th over - 0 runs, 0 hits, 0 errors, 0 left on base; Mascot 6 - Belmore 1
BOTTOM OF THE 7TH
Belmore Bluebirds batting - Pitching for Mascot Pilots : RHP Ben Bulgin
Batting: RHB Shea Venables 0-0: Ball
1-0: Fly out, F8 (Line Drive, 78M, EV 98.1 MPH)
Batting: LHB David Rochow 0-0: Foul Ball, location: 2F
0-1: Fly out, F6 (Line Drive, 4M, EV 72.5 MPH)
Batting: RHB Aiden Annlar 0-0: Ball
1-0: Ground out 5-3 (Groundball, 5, EV 84.4 MPH)
Bottom of the 7th over - 0 runs, 0 hits, 0 errors, 0 left on base; Mascot 6 - Belmore 1
TOP OF THE 8TH
Mascot Pilots batting - Pitching for Belmore Bluebirds : RHP Garrick Pearce
Batting: SHB Ron Were 0-0: Called Strike
0-1: Ball
1-1: Called Strike
1-2: Ground out 4-3 (Groundball, 34, EV 85.6 MPH)
Batting: RHB Steve Moore 0-0: Called Strike
0-1: Called Strike
0-2: Strikes out swinging
Pitching: RHP Russ Harris
Batting: RHB Reggie Porter 0-0: Ball
1-0: Ball
2-0: Called Strike
2-1: Ball
3-1: Foul Ball, location: 2F
3-2: Strikes out looking
Top of the 8th over - 0 runs, 0 hits, 0 errors, 0 left on base; Mascot 6 - Belmore 1
BOTTOM OF THE 8TH
Belmore Bluebirds batting - Pitching for Mascot Pilots : RHP Ben Bulgin
Batting: RHB David Sadler 0-0: Ground out 4-3 (Groundball, 4, EV 80.0 MPH)
Pitching: RHP Jonathan Rumming
Pinch Hitting: LHB Vern Thornber 0-0: Ball
1-0: Ball
2-0: Ball
3-0: Base on Balls
Batting: RHB Clint Moore 0-0: Ball
1-0: Ball
2-0: Grounds into double play, 4-6-3 (Groundball, 4, EV 88.8 MPH)
Bottom of the 8th over - 0 runs, 0 hits, 0 errors, 0 left on base; Mascot 6 - Belmore 1
TOP OF THE 9TH
Mascot Pilots batting - Pitching for Belmore Bluebirds : RHP Russ Harris
Now at 2B: Matt Barnes
Now at 3B: Clint Moore
Now at SS: David Rochow
Batting: RHB Norm Rushbrook 0-0: Called Strike
0-1: Foul Ball, location: 9LDF
0-2: Ball
1-2: Ball
2-2: Ground out 6-3 (Groundball, 56, EV 85.6 MPH)
Batting: RHB Steve Wookey 0-0: Swinging Strike
0-1: Ground out 5-3 (Groundball, 56S, EV 85.0 MPH)
Batting: LHB David Pardoe 0-0: Foul Ball, location: 7LDF
0-1: Called Strike
0-2: Ball
1-2: Strikes out looking
Top of the 9th over - 0 runs, 0 hits, 0 errors, 0 left on base; Mascot 6 - Belmore 1
BOTTOM OF THE 9TH
Belmore Bluebirds batting - Pitching for Mascot Pilots : RHP Jonathan Rumming
Batting: LHB Jamie Ash 0-0: Ball
1-0: Foul Ball, location: 5FF
1-1: Called Strike
1-2: SOLO HOME RUN (Flyball, 7D, EV 96.3 MPH), Distance : 361 ft
Batting: RHB Michael Fittler 0-0: Called Strike
0-1: Ball
1-1: Called Strike
1-2: Ball
2-2: Ball
3-2: Foul Ball, location: 2F
3-2: Base on Balls
Batting: LHB Jim Cowan 0-0: Ball
1-0: Called Strike
1-1: Ball
2-1: Ball
3-1: Fly out, F4 (Popup, 4M, EV 57.5 MPH)
Batting: RHB Shea Venables 0-0: Fly out, F3 (Popup, 3SF, EV 75.0 MPH)
Batting: LHB David Rochow 0-0: Ball
1-0: Called Strike
1-1: Ground out 4-3 (Groundball, 4, EV 85.0 MPH)
Bottom of the 9th over - 1 run, 1 hit, 0 errors, 1 left on base; Mascot 6 - Belmore 2
Thursday, May 2nd , 2024 - OOTP Baseball 24.9 Build 80